 Dungeon Crawl Stone Soup version 0.20.1-1-g8b1a95d (webtiles) character file.

371 equalderp2856 the Skirmisher (level 6, -1/48 HPs)
             Began as a Mummy Fighter on Oct 23, 2017.
             Slain by a gnoll
             ... wielding a +0 spear
              (4 damage)
             ... on level 5 of the Dungeon.
             The game lasted 00:03:03 (2804 turns).

equalderp2856 the Skirmisher (Mummy Fighter)        Turns: 2804, Time: 00:03:03

Health: -1/48      AC:  6    Str: 20    XL:     6   Next: 42%
Magic:  6/6        EV:  7    Int:  9    God:
Gold:   153        SH:  9    Dex: 11    Spells: 5/5 levels left

rFire    x . .     SeeInvis .   a - +0 war axe
rCold    + . .     Gourm    .   c - +0 shield
rNeg     + + +     Faith    .   b - +0 scale mail
rPois    ∞         Spirit   .   (no helmet)
rElec    .         Reflect  .   (no cloak)
rCorr    .         Harm     .   (no gloves)
MR       .....                  (no boots)
Stlth    ..........             (no amulet)
Regen    0.2/turn               k - ring of positive energy
MPRegen  0.1/turn               (no ring)

@: no status effects
A: no food or potions, fire vulnerability, cold resistance 1, negative energy
resistance 3, torment resistance, unbreathing
a: no special abilities


You were on level 5 of the Dungeon.
You were not hungry.

You visited 1 branch of the dungeon, and saw 5 of its levels.

You collected 153 gold pieces.

Inventory:

Hand Weapons
 a - a +0 war axe (weapon)
Armour
 b - a +0 scale mail (worn)
 c - a +0 shield (worn)
Jewellery
 k - a ring of positive energy (left hand)
Wands
 j - a wand of disintegration (9/24)
Scrolls
 d - 3 scrolls of identify {unknown}
 e - 2 scrolls of remove curse
 f - 3 scrolls of teleportation {unknown}
 g - a scroll of random uselessness {unknown}
 h - a scroll of immolation {unknown}
 i - a scroll of fog {unknown}


   Skills:
 + Level 4.1 Fighting
 + Level 3.5 Axes
 + Level 3.6 Armour
 + Level 1.2 Dodging
 + Level 3.0 Shields


You had 5 spell levels left.
You didn't know any spells.

Dungeon Overview and Level Annotations

Branches:
Dungeon (5/15)
 Temple: D:4-7

Altars:
Gozag

Annotations:
D:4 Natasha


Innate Abilities, Weirdness & Mutations

You do not eat or drink.
Your flesh is vulnerable to fire.
You are immune to poison.
Your flesh is cold resistant. (rC+)
You are immune to negative energy. (rN+++)
You are immune to unholy pain and torment.
You can survive without breathing.


Message History

* * * LOW HITPOINT WARNING * * *
Unknown command.
You can't drink.
Unknown command.
As you read the scroll labeled NIOLUA OCUEGH, it crumbles to dust.
You feel blessed for a moment.
It was a scroll of remove curse.
The gnoll barely misses you. The gnoll hits you but does no damage.
The frilled lizard closely misses you.
Unknown command.
Your shield and scale mail prevent you from hitting the frilled lizard.
You closely miss the gnoll. The gnoll closely misses you.
The gnoll hits you but does no damage.
The frilled lizard bites you but does no damage.
You block the gnoll's attack. You block the frilled lizard's attack.
The gnoll closely misses you.
Unknown command.
You hit the frilled lizard.
You kill the frilled lizard!
You barely miss the gnoll. The gnoll hits you with a spear.
You die...

#. ... ####.#.#.#
#.#......$ #.#..#.#.#
#### ##.#..#.#.# .....
.....#.#.#######.##
#..##.#..#..gg@........
###.....#....#.#######.##
(.....)<..............
###...#.##.#..[.......
g..g..#......#.#.#....
####..####.###.#.# .#.
... ...# #.#.# # ....
##### #.# # #.... #.#


You could see 2 gnolls.

Vanquished Creatures
  A hungry ghost (D:4)
  A hound (D:4)
  2 iguanas (D:4)
  Ijyb (D:4)
  7 adders
  3 dart slugs
  3 worms
  4 leopard geckos
  6 giant cockroaches
  4 goblins
  5 hobgoblins
  3 jackals (D:2)
  2 quokkas
  A ball python (D:2)
  5 bats
  7 frilled lizards
  7 kobolds
  6 rats
68 creatures vanquished.

Notes
Turn   | Place    | Note
-------+----------+-------------------------------------------
     0 | D:1      | equalderp2856 the Mummy Fighter began the quest for the Orb.
     0 | D:1      | Reached XP level 1. HP: 18/18 MP: 1/1
   185 | D:1      | Reached XP level 2. HP: 21/24 MP: 2/2
   633 | D:2      | Reached XP level 3. HP: 27/29 MP: 3/3
  1261 | D:3      | Reached XP level 4. HP: 26/36 MP: 4/4
  1599 | D:3      | Found an opulent altar of Gozag.
  1963 | D:4      | Noticed Ijyb
  1975 | D:4      | Killed Ijyb
  2268 | D:4      | Noticed a hungry ghost
  2284 | D:4      | Reached XP level 5. HP: 23/42 MP: 5/5
  2299 | D:4      | Killed a hungry ghost
  2299 | D:4      | Reached skill level 4 in Fighting
  2299 | D:4      | Reached skill level 1 in Dodging
  2299 | D:4      | Reached XP level 6. HP: 17/48 MP: 6/6
  2747 | D:4      | Noticed Natasha
  2778 | D:5      | Entered Level 5 of the Dungeon
  2804 | D:5      | Slain by a gnoll

Skill      XL: |  1  2  3  4  5 |
---------------+----------------+-----
Axes           | 2 3 |  3.5
Armour         | 3 |  3.6
Fighting       | 4 |  4.1
Dodging        | 1 |  1.2
Shields        | 3 |  3.0

Action                   |  1- 3 |  4- 6 || total
-------------------------+-------+-------++-------
Melee: War axe           |   129 |   162 ||   291
  Use: Scroll            |       |     1 ||     1
Armor: Scale mail        |    55 |    86 ||   141
Dodge: Dodged            |    53 |    53 ||   106
Block: Shield            |    71 |    92 ||   163
